 Dungeon Crawl Stone Soup version 0.29-a0-838-g385bb11a5b (webtiles) character file.

Game seed: 3015696185381985053

103 jimonade the Sneak (level 5, 0/30 HPs)
             Began as a Kobold Brigand on July 13, 2022.
             Succumbed to a scorpion's poison
             ... on level 3 of the Dungeon.
             The game lasted 00:04:05 (2029 turns).

jimonade the Sneak (Kobold Brigand)                 Turns: 2029, Time: 00:04:06

Health: 0/30       AC:  3    Str: 15    XL:     5   Next: 6%
Magic:  5/5        EV: 14    Int: 12    God:
Gold:   50         SH:  0    Dex: 18    Spells: 4/4 levels left

rFire   . . .      SeeInvis .   a - +2 dagger
rCold   . . .      Faith    .   (no shield)
rNeg    . . .      Spirit   .   r - +0 robe
rPois   .          Reflect  .   (no helmet)
rElec   .          Harm     .   c - +0 cloak
rCorr   .          Rampage  .   (no gloves)
Will    .....                   (no boots)
Stlth   +++++.....              j - amulet of regeneration
HPRegen 0.90/turn               p - +6 ring of strength
MPRegen 0.09/turn               (no ring)

@: lethally poisoned (0 -> -10), invisible
A: small, no large weapons, nightstalker 3
a: no special abilities


You were on level 3 of the Dungeon.
You visited 1 branch of the dungeon, and saw 3 of its levels.

You collected 125 gold pieces.
You spent 75 gold pieces at shops.

Inventory:

Hand Weapons
 a - a +2 dagger (weapon)
Missiles
 d - 9 poisoned darts (quivered)
 e - 3 curare-tipped darts
 f - 20 stones
 A - 6 boomerangs
Armour
 c - a +0 cloak (worn)
 r - a +0 robe (worn)
 C - a +0 plate armour
Jewellery
 j - an amulet of regeneration (around neck)
 p - a +6 ring of strength (left hand)
 q - an amulet of reflection
Scrolls
 g - a scroll of enchant armour {unknown}
 h - a scroll of amnesia {unknown}
 m - 2 scrolls of acquirement {unknown}
 n - a scroll of vulnerability {unknown}
 o - a scroll of silence {unknown}
 s - a scroll of fear {unknown}
 u - a scroll of noise {unknown}
 v - 3 scrolls of identify {unknown}
 w - a scroll of enchant weapon {unknown}
 y - a scroll of magic mapping
 D - 3 scrolls of immolation {unknown}
 F - a scroll of brand weapon {unknown}
Potions
 b - a potion of ambrosia {unknown}
 i - a potion of haste {unknown}
 k - a potion of might {unknown}
 l - 4 potions of curing {unknown}
 t - 3 potions of attraction {unknown}
 z - a potion of brilliance {unknown}
 B - a potion of degeneration {unknown}
 E - 2 potions of lignification {unknown}


   Skills:
 + Level 2.2 Fighting
 + Level 3.3 Short Blades
 + Level 2.5 Throwing
 + Level 1.5 Dodging
 * Level 7.6 Stealth


You had 4 spell levels left.
You didn't know any spells.
Your spell library contained the following spells:

 Spells                   Type           Power      Damage    Failure   Level
 Sandblast                Erth           0%         2d4       32%         1
 Passwall                 Tmut/Erth      0%         N/A       45%         2
 Sublimation of Blood     Necr           0%         N/A       45%         2
 Wereblood                Tmut           0%         N/A       45%         2
 Stone Arrow              Conj/Erth      0%         3d7       69%         3
 Summon Hydra             Summ           0%         N/A       100%        7


Dungeon Overview and Level Annotations

Branches:
Dungeon (3/15)

Altars:
Elyvilon

Shops:
D:2 ?


Innate Abilities, Weirdness & Mutations

You are small and have problems with some larger weapons.
You are completely attuned to the shadows.


Message History

You hit the bat.
The bat is heavily wounded.
You feel sick. The bat hits you. x2
You miss the bat.
The bat is moderately wounded.
You feel sick.
You are no longer poisoned.
The bat closely misses you. The bat barely misses you.
You hit the bat.
You kill the bat!
You completely miss the scorpion.
The scorpion is heavily wounded.
The scorpion completely misses you.
You closely miss the scorpion.
The scorpion is heavily wounded.
The scorpion barely misses you.
You hit the scorpion.
The scorpion is heavily wounded.
The scorpion stings you.
You hit the scorpion.
The scorpion is heavily wounded.
The scorpion stings you.
You are poisoned.
The scorpion poisons you!
You hit the scorpion but do no damage.
The scorpion is heavily wounded.
You feel very sick. The scorpion stings you.
* * * LOW HITPOINT WARNING * * *
You are lethally poisoned!
The scorpion poisons you!
You closely miss the scorpion.
The scorpion is heavily wounded.
* * * LOW HITPOINT WARNING * * *
You feel very sick. The scorpion stings you.
* * * LOW HITPOINT WARNING * * *
It was a potion of invisibility.
You fade into invisibility!
You die...

.# ##.#
[# #.#
.# #.#
.# #.#
.# #.##
... #..#
...
##.#....
#.#....
#@#....
#s#....
#......
##+#+##


You could see a scorpion (unable to see you).

Vanquished Creatures
  4 adders
  A worm (D:2)
  5 dart slugs
  4 orcs (D:2)
  A ball python (D:3)
  3 endoplasms
  A giant cockroach (D:1)
  5 goblins
  6 hobgoblins
  2 jackals (D:1)
  3 kobolds
  A quokka (D:1)
  8 bats
  A frilled lizard (D:1)
  7 rats
52 creatures vanquished.

Notes
Turn   | Place    | Note
-------+----------+-------------------------------------------
     0 | D:1      | jimonade the Kobold Brigand began the quest for the Orb.
     0 | D:1      | Reached XP level 1. HP: 12/12 MP: 1/1
   154 | D:1      | Reached XP level 2. HP: 17/17 MP: 2/2
   752 | D:1      | Reached XP level 3. HP: 21/21 MP: 3/3
   840 | D:1      | Reached skill level 6 in Stealth
  1109 | D:2      | Reached XP level 4. HP: 26/26 MP: 4/4
  1234 | D:2      | Found a white marble altar of Elyvilon.
  1372 | D:2      | Found Hagoucli's Magic Scroll Shoppe.
  1407 | D:2      | Bought a scroll of magic mapping for 75 gold pieces
  1417 | D:2      | Found a faded altar of an unknown god.
  1446 | D:2      | Reached skill level 7 in Stealth
  1925 | D:3      | Reached XP level 5. HP: 30/30 MP: 5/5
  2029 | D:3      | Succumbed to a scorpion's poison

Illustrated notes

Levels and vault maps discovered:
D:1:      wander_arrival_chamber, layout_basic
D:2:      layout_rooms, serial_shops, nicolae_shop_behind_doors,
          hellmonk_ecumenical_altar_leap_of_faith, basic_altar, st_stairs_14
D:3:      layout_basic, uniq_jessica

Skill      XL: |  1  2  3  4 |
---------------+-------------+-----
Short Blades   | 3 |  3.3
Stealth        | 6 7 |  7.6
Fighting       | |  2.2
Throwing       | |  2.5
Dodging        | |  1.5

Action                   |  1- 3 |  4- 6 || total
-------------------------+-------+-------++-------
Melee: Dagger            |    63 |    89 ||   152
       Punch             |       |     2 ||     2
  Use: Potion            |       |     1 ||     1
 Stab: Sleeping          |    16 |    11 ||    27
       Distracted        |       |     1 ||     1
Armor: Robe              |     5 |    15 ||    20
Dodge: Dodged            |    21 |    62 ||    83

Table legend: (Time is in decaauts)
 A = Elapsed time spent in this place.
 B = Non-inter-level travel time spent in this place.
 C = Inter-level travel time spent in this place.
 D = Time resting spent in this place.
 E = Time spent auto-exploring this place.
 F = Levels seen in this place.
 G = Mean time per level.
                   A        B        C        D        E       F      G
               +--------+--------+--------+--------+--------+-----+--------+
         Total |   2003 |   1969 |     34 |    103 |   1422 |   3 |  667.7 |
       Dungeon |   2003 |   1969 |     34 |    103 |   1422 |   3 |  667.7 |
               +--------+--------+--------+--------+--------+-----+--------+

Top non-repeatable levels by time:
     D:1: 1038 daAuts
     D:2: 601 daAuts
     D:3: 363 daAuts
